Map: Bel'Shir Vestige LE (Void)

Players

starkiller

  • Race: Zerg Zerg
  • League: Grandmaster
  • Spawn Location: 11:00

Railgan - Winner!

  • Race: Zerg Zerg
  • League: Grandmaster
  • Spawn Location: 5:00

VOD

Have the link to the VOD?

Description

Time

  • Played on: March 14, 2017, 9:09 p.m.
  • Length: 11:02
Show
View Real Time Build Order
Export as new Build Order

starkiller Zerg 

Build Orders: Hatch First 

Get SALT Encoding   

  12  0:00  Drone  
  13  0:08  Drone  
  14  0:17  Extractor, Drone  
  15  0:39  Hatchery  
  14  0:43  Extractor, Drone  
  14  0:47  Extractor  
  14  0:49  Drone  
  16  1:01  Spawning Pool  
  15  1:08  Overlord  
  15  1:26  Drone x2  
  15  1:27  Drone  
  18  1:38  Drone  
  19  1:48  Drone  
  19  1:50  Queen x2  
  19  1:52  Zergling x2  
  25  1:59  Overlord  
  25  2:05  Drone  
  26  2:18  Drone x2  
  28  2:24  Drone  
  28  2:26  Queen x2  
  28  2:29  Overlord  
  33  2:31  Drone  
  33  2:36  Drone  
  35  2:39  Extractor  
  35  2:41  Extractor  
  35  2:42  Drone  
  33  2:48  Drone  
  34  2:55  Drone x2  
  34  2:57  Drone x2  
  38  2:59  Overlord  
  38  3:03  Overlord  
  38  3:08  Drone x2  
  38  3:09  Overlord  
  38  3:10  Drone  
  41  3:15  Drone  
  41  3:19  Drone  
  43  3:26  Lair  
  43  3:30  Evolution Chamber x2  
  43  3:31  Drone x2  
  43  3:35  Overlord  
  43  3:38  Drone  
  44  3:42  Drone x3  
  47  3:49  Roach Warren  
  47  3:52  Evolution Chamber  
  45  4:01  Zergling x10  
  49  4:12  Queen  
  49  4:16  Zergling x2  
  50  4:27  Queen  
  50  4:29  Roach Warren  
  51  4:34  Drone x6  
  56  4:44  Drone x2  
  53  4:48  Queen  
  53  4:50  Drone  
  54  5:11  Roach Warren  
  53  5:15  Evolution Chamber  
  53  5:17  Drone x2  
  53  5:18  Drone  
  55  5:21  Drone  
  55  5:22  Drone  
  59  5:29  Drone x2  
  59  5:35  Drone  
  58  5:37  Extractor x2, Zerg Missile Weapons Level 1, Zerg Ground Armor Level 1  
  56  5:50  Drone x2  
  56  5:52  Drone x2  
  56  5:53  Drone, Glial Reconstitution  
  56  5:54  Drone  
  56  5:55  Roach  
  56  5:56  Roach  
  66  5:58  Overlord  
  66  6:02  Overlord  
  66  6:06  Roach  
  66  6:07  Overlord  
  68  6:17  Roach  
  68  6:18  Roach  
  72  6:22  Roach x3  
  78  6:27  Roach  
  82  6:32  Roach  
  82  6:36  Queen x2  
  86  6:40  Roach  
  86  6:42  Roach  
  86  6:43  Hatchery  
  89  6:50  Roach  
  91  6:54  Overlord  
  91  6:55  Overlord  
  87  7:19  Roach x2  
  87  7:20  Roach x3  
  97  7:33  Overlord  
  97  7:38  Zerg Missile Weapons Level 2  
  97  7:41  Zerg Ground Armor Level 2  
  97  7:43  Drone x7  
  104  7:51  Drone x2  
  105  7:53  Drone  
  105  7:56  Roach x3  
  105  7:58  Roach  
  115  7:59  Roach  
  117  8:12  Roach  
  115  8:13  Roach  
  115  8:17  Overlord  
  112  8:25  Roach x5  
  112  8:31  Roach  
  112  8:34  Roach x3  
  116  8:36  Roach  
  116  8:40  Hatchery, Roach  
  115  8:51  Roach  
  115  8:53  Roach x4  
  94  9:02  Roach  
  94  9:03  Roach  
  84  9:13  Roach x2  
  83  9:19  Roach  
  85  9:25  Roach x3  
  85  9:26  Roach  
  85  9:30  Ravager x2  
  85  9:31  Ravager x3  
  98  9:33  Roach  
  98  9:36  Roach  
  98  9:38  Roach x3  
  106  9:45  Roach  
  108  9:49  Roach  
  100  9:57  Roach  
  100  9:58  Roach x2  
  97  10:03  Roach  
  90  10:09  Roach x2  
  90  10:10  Roach  
  90  10:11  Roach  
  90  10:13  Roach  
  93  10:22  Roach  
  93  10:27  Roach  
  76  10:31  Roach  
  76  10:35  Roach  
  70  10:39  Roach  
Show
View Real Time Build Order
Export as new Build Order

Railgan Zerg - Winner!

Build Orders: Pool First, Zergling Baneling 

Get SALT Encoding   

  12  0:01  Drone  
  13  0:12  Overlord  
  13  0:17  Drone  
  14  0:30  Drone x2  
  14  0:34  Drone  
  17  0:46  Spawning Pool  
  17  0:47  Drone  
  17  0:55  Drone  
  18  1:11  Extractor, Hatchery  
  16  1:15  Drone  
  16  1:18  Drone  
  18  1:30  Drone  
  19  1:33  Queen  
  19  1:39  Spine Crawler  
  20  1:40  Zergling x2  
  21  1:50  Drone  
  22  2:00  Overlord  
  23  2:17  Queen  
  23  2:19  Drone  
  26  2:23  Drone x2, Queen  
  26  2:24  Metabolic Boost  
  30  2:34  Drone  
  30  2:36  Overlord  
  31  2:42  Drone x3  
  34  2:44  Drone  
  34  2:46  Drone  
  36  2:55  Baneling Nest  
  35  2:59  Zergling x2  
  35  3:00  Zergling x2  
  37  3:16  Zergling x2  
  37  3:17  Zergling x10  
  43  3:22  Overlord  
  43  3:30  Hatchery  
  43  3:33  Zergling x4  
  44  3:41  Baneling x6  
  44  3:43  Zergling x2  
  44  3:46  Zergling x2  
  44  3:47  Zergling x2  
  48  3:48  Zergling x2  
  48  3:51  Zergling x2  
  48  3:53  Baneling x2  
  49  3:57  Overlord  
  49  3:58  Zergling x2  
  49  4:02  Zergling x2  
  49  4:03  Zergling x2  
  49  4:04  Zergling x2  
  48  4:14  Zergling x8  
  47  4:17  Zergling x2  
  47  4:23  Baneling x2  
  47  4:24  Baneling x2  
  47  4:25  Zergling x6  
  47  4:31  Zergling x2  
  51  4:38  Zergling x4  
  51  4:40  Baneling  
  51  4:43  Zergling x2  
  51  4:46  Zergling x2  
  51  4:52  Drone x2  
  52  4:53  Drone x5  
  52  4:55  Drone  
  54  5:04  Drone x3  
  53  5:13  Drone x2  
  55  5:16  Drone  
  55  5:17  Lair  
  56  5:22  Roach Warren  
  56  5:27  Evolution Chamber  
  56  5:28  Drone x3  
  57  5:32  Drone  
  58  5:35  Drone  
  58  5:38  Extractor, Drone  
  58  5:39  Extractor, Drone x4  
  58  5:41  Drone  
  58  5:42  Drone  
  64  5:46  Overlord  
  64  5:49  Drone  
  65  5:51  Drone  
  66  5:57  Zerg Missile Weapons Level 1  
  66  6:03  Overlord  
  66  6:04  Overlord  
  66  6:06  Extractor, Overlord  
  66  6:07  Zergling x2  
  66  6:08  Zergling x8  
  70  6:16  Glial Reconstitution  
  70  6:22  Overseer  
  70  6:24  Roach x2  
  74  6:31  Roach x2  
  74  6:32  Roach  
  79  6:36  Roach  
  79  6:37  Zergling x18  
  90  6:48  Roach x4  
  90  6:50  Overlord  
  98  6:54  Overlord  
  95  7:12  Overlord, Roach x3  
  95  7:13  Overlord x2  
  97  7:19  Drone, Roach  
  97  7:20  Roach x2  
  104  7:24  Overlord  
  104  7:29  Overlord  
  103  7:36  Roach x7  
  103  7:37  Roach  
  119  7:41  Drone  
  119  7:42  Drone  
  121  7:50  Roach x6  
  133  7:54  Zerg Missile Weapons Level 2  
  133  7:57  Roach  
  135  8:01  Roach  
  135  8:02  Roach  
  133  8:08  Drone  
  133  8:09  Drone x5  
  133  8:16  Drone  
  133  8:17  Drone x3  
  133  8:18  Drone  
  138  8:25  Drone x4  
  136  8:32  Extractor, Roach x2  
  137  8:42  Roach x4  
  137  8:50  Roach x3  
  137  8:53  Roach  
  137  8:55  Roach  
  135  8:58  Roach  
  135  9:02  Roach x3  
  127  9:05  Roach  
  127  9:09  Ravager x3  
  124  9:11  Roach  
  122  9:23  Roach x4  
  122  9:24  Roach x4  
  138  9:34  Ravager  
  138  9:35  Ravager x2  
  138  9:37  Ravager, Roach  
  138  9:38  Roach  
  146  9:41  Hatchery  
  146  9:44  Overlord  
  146  9:45  Overlord  
  145  9:46  Overlord  
  139  9:55  Roach x4  
  135  10:05  Roach x2  
  135  10:07  Roach x3  
  135  10:08  Roach x2  
  135  10:10  Roach  
  143  10:14  Roach  
  143  10:15  Roach x2  
  149  10:26  Roach  
  140  10:34  Roach x5  
  140  10:39  Roach  
Tags
 
Add a new tag
Caveats
  • Supply blocks, unpowered buildings, or Contaminate may cause inaccurate times.
  • Supply counts are checked every 10 seconds.